 Dungeon Crawl Stone Soup version 0.28.0-1-gb440e238dd (webtiles) character file.

Game seed: 7863228711806341355

248 Ablot the Grasshopper (level 6, -2/50 HPs)
             Began as a Gnoll Warper on Feb 27, 2022.
             Was an Initiate of Okawaru.
             Slain by a gnoll sergeant (6 damage)
             ... on level 4 of the Dungeon.
             The game lasted 00:05:27 (4480 turns).

Ablot the Grasshopper (Gnoll Warper)                Turns: 4480, Time: 00:05:28

Health: -2/50      AC:  5    Str: 12    XL:     6   Next: 12%
Magic:  13/13      EV: 12    Int: 12    God:    Okawaru [......]
Gold:   163        SH:  0    Dex: 12    Spells: 13/15 levels left

rFire   . . .      SeeInvis .   a - +1 spear (flame)
rCold   . . .      Faith    .   (no shield)
rNeg    . . .      Spirit   .   e - +0 ring mail
rPois   +          Reflect  .   (no helmet)
rElec   .          Harm     .   (no cloak)
rCorr   .          Rampage  .   (no gloves)
Will    .....                   (no boots)
Stlth   +.........              (no amulet)
HPRegen 0.16/turn               t - ring of poison resistance
MPRegen 0.13/turn               (no ring)

@: no status effects
A: fangs 1, strong nose, distributed training
a: Renounce Religion


You were on level 4 of the Dungeon.
You worshipped Okawaru.
Okawaru was noncommittal.
You visited 2 branches of the dungeon, and saw 5 of its levels.

You collected 163 gold pieces.

Inventory:

Hand Weapons
 a - a +1 spear of flaming (weapon)
Missiles
 d - 5 boomerangs of dispersal
 f - 4 boomerangs
 g - 175 stones
 k - 26 sling bullets
 l - 5 atropa-tipped darts
 n - 45 arrows
 o - 9 poisoned darts (quivered)
 q - 2 curare-tipped darts
 v - a throwing net
Armour
 b - a +0 leather armour
 e - a +0 ring mail (worn)
Jewellery
 t - a ring of poison resistance (left hand)
Scrolls
 c - a scroll of blinking
 h - a scroll of enchant weapon {unknown}
 p - 2 scrolls of magic mapping {unknown}
Potions
 i - 2 potions of curing {unknown}
 j - a potion of flight {unknown}
 m - a potion of magic {unknown}
 r - a potion of resistance {unknown}
 s - 2 potions of heal wounds {unknown}
 u - a potion of might {unknown}
 w - a potion of berserk rage {unknown}


   Skills:
 + Level 4.9 Fighting
 + Level 1.8 Short Blades
 + Level 1.8 Long Blades
 + Level 1.8 Axes
 + Level 1.8 Maces & Flails
 + Level 4.9 Polearms
 + Level 1.8 Staves
 + Level 1.8 Slings
 + Level 1.8 Bows
 + Level 1.8 Crossbows
 + Level 3.1 Throwing
 + Level 3.1 Armour
 + Level 4.9 Dodging
 + Level 1.8 Stealth
 + Level 1.8 Shields
 + Level 1.8 Unarmed Combat
 + Level 5.3 Spellcasting
 + Level 1.4 Conjurations
 + Level 1.4 Hexes
 + Level 1.4 Summonings
 + Level 1.4 Necromancy
 + Level 5.6 Translocations
 + Level 1.4 Transmutations
 + Level 1.4 Fire Magic
 + Level 1.4 Ice Magic
 + Level 1.4 Air Magic
 + Level 1.4 Earth Magic
 + Level 1.4 Poison Magic
 + Level 2.0 Invocations
 + Level 1.8 Evocations


You had 13 spell levels left.
You knew the following spells:

 Your Spells              Type           Power      Damage    Failure   Level
a - Blink                 Tloc           32%        N/A       6%          2

Your spell library contained the following spells:

 Spells                   Type           Power      Damage    Failure   Level
 Gell's Gravitas          Tloc           16%        N/A       12%         3
 Lesser Beckoning         Tloc           16%        N/A       12%         3
 Teleport Other           Tloc           16%        N/A       12%         3
 Conjure Flame            Conj/Fire      6%         6-21      56%         3
 Ignite Poison            Fire/Tmut/Pois 6%         N/A       56%         3
 Manifold Assault         Tloc           16%        N/A       75%         5
 Sticky Flame             Conj/Fire      6%         2d3       92%         4


Dungeon Overview and Level Annotations

Branches:
Dungeon (4/15)             Temple (1/1) D:4

Altars:
Ashenzari
Dithmenos
Makhleb
Nemelex Xobeh
Okawaru
Qazlal
Ru
Sif Muna
Trog
Uskayaw
Vehumet
Wu Jian
Xom
Yredelemnul


Innate Abilities, Weirdness & Mutations

You have very sharp teeth.
Your uncanny sense of smell can sniff out nearby items.
Your experience applies equally to all skills.


Message History

No target in view!
No target in view!
Found a robe.
You pick up an Everburning Encyclopedia and begin reading...
You add the spells Conjure Flame, Ignite Poison and Sticky Flame to your library.
Okay, then.
Search for what [? for help]? armor
Found a mace.
Found a trident.
w - a smoky emerald potion You open the door.
A gnoll sergeant and 4 gnolls come into view.
The gnoll sergeant shouts!
The gnoll shouts! x4
Found a chain mail.
You hit the gnoll sergeant but do no damage.
The gnoll sergeant hits you with a +0 trident.
The gnoll sergeant blocks your attack.
The gnoll sergeant hits you but does no damage.
You hit the gnoll sergeant but do no damage.
Your bite misses the gnoll sergeant. The gnoll sergeant barely misses you.
The gnoll sergeant blocks your attack.
You hit the gnoll sergeant. You burn the gnoll sergeant.
Your bite misses the gnoll sergeant.
The gnoll sergeant is lightly wounded.
The gnoll sergeant hits you with a +0 trident!
You hit the gnoll sergeant. You burn the gnoll sergeant.
Your bite misses the gnoll sergeant.
The gnoll sergeant is moderately wounded.
The gnoll sergeant hits you with a +0 trident.
You hit the gnoll sergeant but do no damage.
The gnoll sergeant is moderately wounded.
The gnoll sergeant hits you with a +0 trident!
* * * LOW HITPOINT WARNING * * *
Unknown command.
The gnoll sergeant hits you from afar with a +0 trident!
* * * LOW HITPOINT WARNING * * *
There is an escape hatch in the floor here.
There is a stone staircase leading up here.
The gnoll sergeant hits you from afar with a +0 trident.
You die...

#..# ##### #..# ...# #..#
#.##################..#
#......................
#######...g.@.######.#####h..
#.......g.....<......# #... .
#.#####g#####..#####.# #..#
.. #.# #># #..# #.#####..#
..##.#####.# #..# #........#
≈≈≈##.##g# #..# ########.#
#≈#.#.#g# #..# #.# ##
##≈.###..# #..# #.#
..g#≈≈g.#.### ##..### #.#


You could see a gnoll sergeant and 2 gnolls.

Vanquished Creatures
  A scorpion (D:3)
  2 hounds (D:4)
  4 gnolls (D:4)
  3 adders
  A shadow imp (D:3)
  3 worms
  2 dart slugs
  5 bats
  3 endoplasms
  2 giant cockroaches
  A goblin (D:1)
  4 hobgoblins
  3 quokkas
  4 ball pythons
  2 frilled lizards
  4 kobolds (D:2)
  7 rats
51 creatures vanquished.

Notes
Turn   | Place    | Note
-------+----------+-------------------------------------------
     0 | D:1      | Ablot the Gnoll Warper began the quest for the Orb.
     0 | D:1      | Reached XP level 1. HP: 20/20 MP: 6/6
   374 | D:1      | Reached XP level 2. HP: 26/26 MP: 7/7
   377 | D:1      | Learned a level 2 spell: Blink
   949 | D:2      | You fall into a shaft and drop 2 floors!
  1219 | D:2      | Reached XP level 3. HP: 29/31 MP: 9/9
  1246 | D:2      | Reached skill level 5 in Spellcasting
  1383 | D:2      | Reached skill level 1 in Invocations
  1818 | D:2      | Reached skill level 1 in Short Blades
  1818 | D:2      | Reached skill level 1 in Long Blades
  1818 | D:2      | Reached skill level 1 in Axes
  1818 | D:2      | Reached skill level 1 in Maces & Flails
  1818 | D:2      | Reached skill level 1 in Staves
  1818 | D:2      | Reached skill level 1 in Slings
  1818 | D:2      | Reached skill level 1 in Bows
  1818 | D:2      | Reached skill level 1 in Crossbows
  1818 | D:2      | Reached skill level 1 in Stealth
  1818 | D:2      | Reached skill level 1 in Shields
  1818 | D:2      | Reached skill level 1 in Unarmed Combat
  1818 | D:2      | Reached skill level 1 in Evocations
  2360 | D:3      | Reached XP level 4. HP: 38/38 MP: 11/11
  2686 | D:3      | Noticed a scorpion
  2706 | D:3      | Killed a scorpion
  2707 | D:3      | Reached skill level 1 in Conjurations
  2707 | D:3      | Reached skill level 1 in Hexes
  2707 | D:3      | Reached skill level 1 in Summonings
  2707 | D:3      | Reached skill level 1 in Necromancy
  2707 | D:3      | Reached skill level 1 in Transmutations
  2707 | D:3      | Reached skill level 1 in Fire Magic
  2707 | D:3      | Reached skill level 1 in Ice Magic
  2707 | D:3      | Reached skill level 1 in Air Magic
  2707 | D:3      | Reached skill level 1 in Earth Magic
  2707 | D:3      | Reached skill level 1 in Poison Magic
  2707 | D:3      | Reached XP level 5. HP: 8/43 MP: 7/12
  3015 | D:3      | Found a stormy altar of Qazlal.
  3544 | D:4      | Noticed an ogre
  3957 | D:4      | Found a staircase to the Ecumenical Temple.
  3981 | Temple   | Entered the Ecumenical Temple
  3989 | Temple   | Became a worshipper of Warmaster Okawaru
  4196 | D:4      | Found a radiant altar of Vehumet.
  4264 | D:4      | Reached XP level 6. HP: 25/50 MP: 13/13
  4465 | D:4      | HP: 1/50 [gnoll sergeant (13)]
  4480 | D:4      | Slain by a gnoll sergeant

Illustrated notes

Levels and vault maps discovered:
D:1:      ebering_trefoil_twist, layout_loops_cross,
          minmay_misc_feat_four_crosses, serial_bayou_ford_a,
          minmay_misc_feat_encased
D:2:      layout_loops_ring
D:3:      layout_loops_ring, mainiacjoe_overflow_paths
D:4:      layout_loops_ring, mainiacjoe_overflow_concentric_impassable,
          lemuel_zombie_altar_kikubaaqudgha, minmay_temple_entry_large_hall,
          roderic_lattice_a, lightli_minifort
Temple:   nicolae_temple_no_exploring_needed

Skill      XL: |  1  2  3  4  5 |
---------------+----------------+-----
Spellcasting   | 5 |  5.3
Invocations    | 1 2 |  2.0
Short Blades   | 1 |  1.8
Long Blades    | 1 |  1.8
Axes           | 1 |  1.8
Maces & Flails | 1 |  1.8
Staves         | 1 |  1.8
Slings         | 1 |  1.8
Bows           | 1 |  1.8
Crossbows      | 1 |  1.8
Stealth        | 1 |  1.8
Shields        | 1 |  1.8
Unarmed Combat | 1 |  1.8
Evocations     | 1 |  1.8
Conjurations   | 1 |  1.4
Hexes          | 1 |  1.4
Summonings     | 1 |  1.4
Necromancy     | 1 |  1.4
Transmutations | 1 |  1.4
Fire Magic     | 1 |  1.4
Ice Magic      | 1 |  1.4
Air Magic      | 1 |  1.4
Earth Magic    | 1 |  1.4
Poison Magic   | 1 |  1.4
Throwing       | 3 |  3.1
Armour         | 3 |  3.1
Fighting       | |  4.9
Polearms       | |  4.9
Dodging        | |  4.9
Translocations | |  5.6

Action                   |  1- 3 |  4- 6 || total
-------------------------+-------+-------++-------
Melee: Spear             |   171 |    86 ||   257
       Bite              |     9 |     6 ||    15
       Punch             |     4 |       ||     4
Throw: Boomerang         |       |     4 ||     4
       Dart              |       |    13 ||    13
 Cast: Blink             |       |     4 ||     4
Armor: Leather armour    |     2 |       ||     2
       Ring mail         |    33 |    18 ||    51
Dodge: Dodged            |    78 |    37 ||   115
